 Dungeon Crawl Stone Soup version 0.20.1-1-g8b1a95d (webtiles) character file.

24 KleinerIrrer the Sneak (level 3, -1/24 HPs)
             Began as an Octopode Assassin on July 3, 2017.
             Slain by a howler monkey (2 damage)
             ... on level 5 of the Dungeon.
             The game lasted 00:02:17 (351 turns).

KleinerIrrer the Sneak (Octopode Assassin)           Turns: 351, Time: 00:02:17

Health: -1/24      AC:  1    Str: 10    XL:     3   Next: 2%
Magic:  3/3        EV: 13    Int: 13    God:
Gold:   7          SH:  0    Dex: 14    Spells: 2/2 levels left

rFire    . . .     SeeInvis .   b - +0 blowgun
rCold    . . .     Gourm    .   (no shield)
rNeg     . . .     Faith    .   (helmet restricted)
rPois    .         Spirit   .   (no amulet)
rElec    .         Reflect  .   (no ring)
rCorr    .         Harm     .   (no ring)
MR       .....                  (no ring)
Stlth    ++++......             (no ring)
Regen    0.1/turn               (no ring)
MPRegen  0.1/turn               (no ring)
                                (no ring)
                                (no ring)

@: lethally poisoned (-1 -> -6)
A: almost no armour, stealthy swim, amphibious, 8 rings, constrict 8, camouflage
1, gelatinous body 1
a: no special abilities


You were on level 5 of the Dungeon.
You were not hungry.

You visited 1 branch of the dungeon, and saw 5 of its levels.

You collected 7 gold pieces.

Inventory:

Hand Weapons
 a - a +2 dagger
 b - a +0 blowgun (weapon)
Missiles
 c - 20 poisoned needles (quivered)
 d - 2 curare-tipped needles
Potions
 h - a potion of berserk rage
 j - a potion of agility
Comestibles
 f - a bread ration
 g - 2 chunks of flesh


   Skills:
 - Level 2.0 Fighting
 - Level 2.0 Short Blades
 - Level 2.0 Throwing
 - Level 1.0 Dodging
 * Level 6.7 Stealth


You had 2 spell levels left.
You didn't know any spells.

Dungeon Overview and Level Annotations

Branches:
Dungeon (5/15)
 Temple: D:4-7

Altars:
Xom
Yredelemnul
The Shining One

Annotations:
D:4 Ijyb


Innate Abilities, Weirdness & Mutations

You cannot wear most types of armour.
You are very stealthy in the water. (Stealth+)
You are amphibious.
You can wear up to eight rings at the same time.
You can use your tentacles to constrict eight enemies at once.
Your skin changes colour to match your surroundings (Stealth+).
Your rubbery body absorbs attacks. (AC +1, EV +1)


Message History

The poisoned needle closely misses the howler monkey.
The poisoned needle hits the ogre.
The ogre is poisoned.
* * * LOW HITPOINT WARNING * * *
You feel sick.
Firing (i - inventory. (,) - cycle):
c - 22 poisoned needles (quivered)
Press: ? - help, Shift-Dir - straight line, f/p - howler monkey
Aim: a howler monkey (lightly wounded, poisoned)
You shoot a poisoned needle.
The poisoned needle hits the howler monkey.
The howler monkey looks even sicker.
The howler monkey is lightly wounded.
Firing (i - inventory. (,) - cycle):
c - 21 poisoned needles (quivered)
Press: ? - help, Shift-Dir - straight line, f/p - howler monkey
Aim: a howler monkey (lightly wounded, poisoned)
You shoot a poisoned needle.
The poisoned needle hits the howler monkey.
The howler monkey looks even sicker.
The howler monkey is lightly wounded.
The howler monkey hits you.
You die...

## #..........
#..............
#........(....#
###.#####(....# #.#
#O....+ #.###
#.....# ##...#
#.....#
###....###h....+
......._.....@....#
..###....####.....#
#...## #.....)..
###.# #........ #.#
######..( #.# ..
... .


You could see an ogre and a howler monkey.

Vanquished Creatures
  An adder (D:5)
  A dart slug (D:4)
  2 leopard geckos
  An orc (D:5)
  A giant cockroach (D:3)
  2 hobgoblins
  A quokka (D:2)
  A frilled lizard (D:3)
10 creatures vanquished.

Vanquished Creatures (others)
  An orc (D:4)
1 creature vanquished.

Grand Total: 11 creatures vanquished

Notes
Turn   | Place    | Note
-------+----------+-------------------------------------------
     0 | D:1      | KleinerIrrer the Octopode Assassin began the quest for the Orb.
     0 | D:1      | Reached XP level 1. HP: 14/14 MP: 1/1
   153 | D:3      | Reached skill level 6 in Stealth
   153 | D:3      | Reached XP level 2. HP: 19/19 MP: 2/2
   157 | D:4      | Found a shimmering altar of Xom.
   193 | D:4      | Noticed Ijyb
   240 | D:5      | Entered Level 5 of the Dungeon
   263 | D:5      | Found a glowing golden altar of the Shining One.
   320 | D:5      | Found a basalt altar of Yredelemnul.
   346 | D:5      | Noticed a howler monkey
   347 | D:5      | Reached XP level 3. HP: 2/24 MP: 3/3
   348 | D:5      | Noticed an ogre
   349 | D:5      | HP: 1/24 [poisoned by an adder]
   351 | D:5      | Slain by a howler monkey

Skill      XL: |  1 |
---------------+----+-----
Stealth        | 6 |  6.7
Fighting       | |  2.0
Short Blades   | |  2.0
Throwing       | |  2.0
Dodging        | |  1.0

Action                   || total
-------------------------++-------
Melee: Dagger            ||    14
       Constrict         ||     2
       Tentacles         ||     2
 Fire: Blowgun           ||     8
  Use: Scroll            ||     3
 Stab: Sleeping          ||     7
Dodge: Dodged            ||     4
